 Dungeon Crawl Stone Soup version 0.16.1-14-g82efdee (webtiles) character file.

115 karlm the Conjurer (level 5, -3/42 HPs)
             Began as a Naga Wizard on Apr 11, 2015.
             Slain by Grinder (6 damage)
             ... while paralysed by Grinder
             ... on level 3 of the Dungeon.
             The game lasted 00:08:01 (2365 turns).

karlm the Conjurer (Naga Wizard)                    Turns: 2365, Time: 00:08:02

Health: -3/42      AC:  2    Str: 10    XL:     5   Next: 0%
Magic:  1/11       EV:  1    Int: 19    God:
Gold:   152        SH:  0    Dex:  9    Spells: 4 memorised, 1 level left

rFire  . . .     SeeInvis +     m - +0 spear
rCold  . . .     Clarity  .     a - +0 robe
rNeg   . . .     SustAb   .     (no shield)
rPois  +         Gourm    .     b - +0 hat
rElec  .         Spirit   .     (no cloak)
rCorr  .         Warding  .     (no gloves)
rMut   .         Stasis   .     (no barding)
MR     .....                    (no amulet)
Stlth  ++........               (no ring)
                                (no ring)

@: paralysed, very slow, not resistant to hostile enchantments, unstealthy
A: spit poison, see invisible, deformed body, poison resistance, slowness 2, AC
+1
a: Spit Poison


You were on level 3 of the Dungeon.
You were not hungry.

You visited 1 branch of the dungeon, and saw 3 of its levels.

You collected 152 gold pieces.

Inventory:

Hand weapons
 m - a +0 spear (weapon)
Missiles
 f - 69 stones (quivered)
 q - 2 tomahawks
 u - 21 poisoned needles
Armour
 a - a +0 robe (worn)
 b - a +0 hat (worn)
Scrolls
 g - a scroll of remove curse {unknown}
 h - a scroll of noise {unknown}
 j - 2 scrolls of fog {unknown}
 k - a scroll of teleportation {unknown}
 l - a scroll of amnesia {unknown}
 r - a scroll of magic mapping {unknown}
 t - a scroll of enchant armour {unknown}
Potions
 e - a potion of agility {unknown}
 n - 2 potions of curing
 s - 2 potions of haste {unknown}
Books
 c - a book of Minor Magic

   Spells                             Type                      Level
   a - Magic Dart                     Conjuration                  1
   b - Blink                          Translocation                2
   c - Call Imp                       Summoning                    2
   d - Repel Missiles                 Charms/Air                   2
   e - Slow                           Hexes                        2
   f - Conjure Flame                  Conjuration/Fire             3
   g - Mephitic Cloud                 Conjuration/Poison/Air       3
Comestibles
 d - 3 bread rations
 o - a slice of pizza
 p - 4 beef jerkies


   Skills:
 - Level 1.5 Dodging
 - Level 3.0 Stealth
 - Level 3.0 Spellcasting
 + Level 3.1 Conjurations
 + Level 2.5 Summonings
   Level 1.0 Translocations
 * Level 1.9 Fire Magic
 + Level 0.0 Poison Magic


You had one spell level left.
You knew the following spells:

 Your Spells              Type           Power        Failure   Level  Hunger
a - Magic Dart            Conj           ##..         6%          1    None
b - Call Imp              Summ           ##......     10%         2    ##.....
c - Conjure Flame         Conj/Fire      ##......     17%         3    ###....
d - Mephitic Cloud        Conj/Pois/Air  #.......     34%         3    ###....


Dungeon Overview and Level Annotations

Branches:
Dungeon (3/15)

Altars:
Zin

Annotations:
D:3 Grinder


Innate Abilities, Weirdness & Mutations

You cannot wear boots.
You can spit poison.
Your serpentine skin is tough (AC +1).
You have supernaturally acute eyesight.
Armour fits poorly on your strangely shaped body.
Your system is resistant to poisons.
You cover ground very slowly.


Message History

You can move again.
You swap places.
Grinder closely misses your crimson imp.
Your crimson imp hits Grinder.
Grinder closely misses your crimson imp.
Your crimson imp closely misses Grinder.
Grinder closely misses your crimson imp.
Your crimson imp blinks!
Use which ability? (? or * to list)
Press: ? - help, Shift-Dir - straight line, f/p - Grinder
Aim: Grinder (heavily wounded)
The splash of poison hits Grinder.
Grinder is severely wounded.
You feel slightly more hungry. Grinder gestures at you.
You suddenly lose the ability to move!
You have got your breath back.
Your crimson imp disappears in a puff of smoke!
Grinder hits you.
You die...

#. #.#
##### #)#
.5 ..#
#####.#
.####
#..§..#
.###
#.#####
..# #.#
#§# #.#
#5# #.#
#§# #5#
#.######@#
#........#
##########


You could see Grinder.

Vanquished Creatures
  Sigmund (D:2)
  2 adders (D:2)
  A giant gecko (D:1)
  2 ball pythons (D:2)
  9 bats
  2 giant cockroaches
  5 goblins
  2 hobgoblins
  5 giant newts
  5 kobolds
  8 rats
42 creatures vanquished.

Vanquished Creatures (collateral kills)
  3 adders (D:2)
  A bat (D:2)
  2 goblins (D:2)
  2 hobgoblins (D:2)
  A quokka (D:2)
  A kobold (D:2)
  A rat (D:2)
11 creatures vanquished.

Vanquished Creatures (others)
  An iron imp (D:3)
  2 white imps (D:2)
3 creatures vanquished.

Grand Total: 56 creatures vanquished

Notes
Turn   | Place    | Note
--------------------------------------------------------------
     0 | D:1      | karlm, the Naga Wizard, began the quest for the Orb.
     0 | D:1      | Reached XP level 1. HP: 15/15 MP: 4/4
   187 | D:1      | Reached XP level 2. HP: 22/22 MP: 6/6
   191 | D:1      | Learned a level 2 spell: Call Imp
   963 | D:2      | Reached XP level 3. HP: 19/28 MP: 0/7
   971 | D:2      | Learned a level 3 spell: Conjure Flame
   980 | D:2      | Found a glowing silver altar of Zin.
  1776 | D:2      | Reached skill level 1 in Fire Magic
  1776 | D:2      | Reached XP level 4. HP: 34/36 MP: 0/9
  1791 | D:2      | Noticed Sigmund
  1803 | D:2      | Killed Sigmund
  2288 | D:3      | Reached XP level 5. HP: 42/42 MP: 9/11
  2295 | D:3      | Learned a level 3 spell: Mephitic Cloud
  2316 | D:3      | Noticed Grinder
  2336 | D:3      | Paralysed by Grinder for 4 turns
  2355 | D:3      | Paralysed by Grinder for 3 turns
  2357 | D:3      | HP: 2/42 [Grinder (3)]
  2363 | D:3      | Paralysed by Grinder for 5 turns
  2365 | D:3      | Slain by Grinder

Action                   |  1- 3 |  4- 6 || total
-------------------------+-------+-------++-------
Melee: Spear             |    18 |    12 ||    30
 Cast: Magic Dart        |    27 |    13 ||    40
       Call Imp          |    10 |     8 ||    18
       Conjure Flame     |       |     2 ||     2
 Abil: Spit Poison       |    25 |     5 ||    30
  Use: Potion            |       |     1 ||     1
  Eat: Chunk             |     4 |     3 ||     7
